[Event "Late-Titled-Tuesday-Blitz-May-07-2024"]
[Site "Chess.com"]
[Date "2024.05.07"]
[Round "2"]
[White "giomar27"]
[Black "olawsson"]
[Result "1-0"]
[WhiteElo "2473"]
[BlackElo "2129"]
[TimeControl "180+1"]
[EndTime "14:15:58 PDT"]
[Termination "giomar27 won on time"]

1. Nc3 d6 2. d4 Nd7 3. f4 g6 4. Nf3 Bg7 5. h4 h5 6. e4 c5 7. Bc4 cxd4 8. Nxd4 Ngf6 9. Be3 Ng4 10. Bg1 O-O 11. Qd2 a6 12. O-O-O b5 13. Bb3 Nc5 14. Nc6 Qe8 15. Nd5 Bf6 16. Nxf6+ Nxf6 17. e5 Nfe4 18.
Qd5 Be6 19. Nxe7+ Qxe7 20. exd6 Qf6 21. Qc6 Bxb3 22. axb3 Rac8 23. Qd5 Rfd8 24. Bxc5 Nxc5 25. Kb1 Qxf4 26. Rhf1 Qxh4 27. Qxf7+ Kh8 28. d7 Rc7 29. Qf8+ 1-0

[Event "Late-Titled-Tuesday-Blitz-May-07-2024"]
[Site "Chess.com"]
[Date "2024.05.07"]
[Round "2"]
[White "el_sporco"]
[Black "DeTimmerman"]
[Result "0-1"]
[WhiteElo "2414"]
[BlackElo "2758"]
[TimeControl "180+1"]
[EndTime "14:15:59 PDT"]
[Termination "DeTimmerman won by resignation"]

1. e4 e5 2. Nf3 Nc6 3. Bb5 f5 4. Nc3 fxe4 5. Nxe4 d5 6. Nxe5 dxe4 7. Nxc6 Qg5 8. Qe2 Nf6 9. f4 Qxf4 10. d4 Qh4+ 11.
g3 Qh3 12. Ne5+ c6 13. Bc4 Be6 14. Bxe6 Qxe6 15. O-O O-O-O 16. c3 Bd6 17. Bf4 Rhe8 18. Rae1 h6 19. Qc4 g5 20. Be3 Bxe5 21. Qxe6+ Rxe6 22.
dxe5 Nd7 23. Bxa7 b6 24. Rd1 Rxe5 25. b4 Kb7 26. Rf7 Rd5 27. Re1 Kxa7 28. Rxe4 Rd6 29. c4 Kb8 30. Rh7 Nf6 0-1

[Event "Late-Titled-Tuesday-Blitz-May-07-2024"]
[Site "Chess.com"]
[Date "2024.05.07"]
[Round "2"]
[White "Alex_Sahakyan2006"]
[Black "Squirlolz"]
[Result "1-0"]
[WhiteElo "2858"]
[BlackElo "2582"]
[TimeControl "180+1"]
[EndTime "14:16:06 PDT"]
[Termination "Alex_Sahakyan2006 won by resignation"]

1. e4 c5 2. Ne2 d6 3. g3 Nc6 4. Bg2 g6 5. O-O Bg7 6. c3 e5 7. Na3 Nf6 8. Nc2 O-O 9. d4 exd4 10. cxd4 Re8 11. dxc5 dxc5 12. Qxd8 Rxd8 13. Be3 b6 14. e5 Nd5 15. Bg5 Be6 16. Bxd8 Rxd8 17. f4 Ncb4 18. Nxb4 Nxb4 19. a3 Nc2 20. Rad1 Rc8 21. Kf2 f6 22.
Be4 Nd4 23. Nxd4 cxd4 24. Rxd4 fxe5 25. Rd6 Bh3 26. Rfd1 exf4 27. Rd8+ Rxd8 28. Rxd8+ Kf7 29. b4 fxg3+ 30. Kxg3 Be6 31. Ra8 Be5+ 32. Kg2 Kf6 33.
Rxa7 h5 34. Rb7 Bd4 35. a4 Ke5 36. Bf3 g5 37. Rh7 g4 38. Rxh5+ Kf4 39. Bd5 Bf5 40. a5 bxa5 41. bxa5 Bd3 42. Bb7 Be2 43. a6 Ba7 44.
Rh8 Bxa6 45. Bxa6 1-0

[Event "Late-Titled-Tuesday-Blitz-May-07-2024"]
[Site "Chess.com"]
[Date "2024.05.07"]
[Round "2"]
[White "DreamsAreFake"]
[Black "Ryukchess81"]
[Result "0-1"]
[WhiteElo "2773"]
[BlackElo "2455"]
[TimeControl "180+1"]
[EndTime "14:16:10 PDT"]
[Termination "Ryukchess81 won by resignation"]

1. a4 d5 2. Ra3 e5 3. b3 Bxa3 4. Nxa3 Nf6 5. Bb2 Qe7 6. g3 O-O 7. Bg2 c6 8. e3 h6 9. Ne2 Bf5 10. O-O Nbd7 11. d3 Rfe8 12. Qd2 Rad8 13. a5 a6 14. b4 e4 15. d4 g5 16. c4 Qe6 17.
Rc1 Rc8 18. Nc3 Bh3 19. Bh1 Ng4 20. Na4 f5 21. Nc5 Nxc5 22. dxc5 Rcd8 23. Qc3 d4 24.
exd4 e3 25. f3 e2 26. Re1 Qe3+ 27. Qxe3 Nxe3 28. f4 gxf4 29. gxf4 Nd1 30. Ba1 Rd7 31. d5 Kf7 32. Bg2 Bg4 33. dxc6 bxc6 34. Bxc6 Rg8 35. h3 Bf3+ 36. Kh2 Bxc6 37. Rxe2 Rd3 38. Nc2 Rgg3 0-1

[Event "Late-Titled-Tuesday-Blitz-May-07-2024"]
[Site "Chess.com"]
[Date "2024.05.07"]
[Round "2"]
[White "Thjop"]
[Black "jbking07"]
[Result "1-0"]
[WhiteElo "2618"]
[BlackElo "2396"]
[TimeControl "180+1"]
[EndTime "14:16:12 PDT"]
[Termination "Thjop won by resignation"]

1. d4 Nf6 2. c4 e6 3. Nf3 d5 4. g3 Bb4+ 5. Bd2 Be7 6. Bg2 O-O 7. O-O c6 8. Bc3 b6 9. Nbd2 Bb7 10. Ne5 Nfd7 11. Nd3 Qc8 12. e4 dxc4 13. Nxc4 Ba6 14. b3 Rd8 15. Rc1 Qb7 16. Qf3 Nf6 17.
Rfd1 Nbd7 18. g4 h6 19. h4 Nh7 20. Qg3 Ndf6 21. g5 hxg5 22. hxg5 Nh5 23. Qg4 g6 24. f4 Bxc4 25. bxc4 Qa6 26. Ne5 Rac8 27. Rd2 Nf8 28. Bf1 Qa3 29. Rcc2 Bb4 30. Qf3 c5 31. d5 exd5 32. cxd5 Nxf4 33. Qxf4 Bxc3 34. Qxf7+ 1-0

[Event "Late-Titled-Tuesday-Blitz-May-07-2024"]
[Site "Chess.com"]
[Date "2024.05.07"]
[Round "2"]
[White "PenguinPacks"]
[Black "nitpicker"]
[Result "0-1"]
[WhiteElo "2506"]
[BlackElo "2271"]
[TimeControl "180+1"]
[EndTime "14:16:13 PDT"]
[Termination "nitpicker won by resignation"]

1. e4 c5 2. Nf3 Nc6 3. Bb5 Nf6 4. e5 Ng4 5. Qe2 Qc7 6. Bxc6 dxc6 7. d3 g6 8. Nc3 Bg7 9. Bf4 h5 10. O-O Nh6 11. d4 cxd4 12. Nxd4 Nf5 13. Rad1 Nxd4 14.
Rxd4 Be6 15. Ne4 Bxe5 16. Bxe5 Qxe5 17. Rfd1 O-O 18. Qd2 Kg7 19. a3 c5 20. Ra4 b5 21.
Ra5 Qxe4 22. Rxb5 Rad8 23. Qc3+ Kh7 24. Re1 Qd4 25. Qa5 Rd7 26. Rxc5 Qxb2 27. c3 Qd2 28. Rf1 Qe2 29. f3 Rd1 30. Rxh5+ Kg8 31. Rxd1 Qxd1+ 32. Kf2 Qd2+ 33. Kg3 gxh5 34. Qg5+ Qxg5+ 0-1

[Event "Late-Titled-Tuesday-Blitz-May-07-2024"]
[Site "Chess.com"]
[Date "2024.05.07"]
[Round "2"]
[White "MITerryble"]
[Black "CarlosjPineror"]
[Result "1-0"]
[WhiteElo "3023"]
[BlackElo "2654"]
[TimeControl "180+1"]
[EndTime "14:16:14 PDT"]
[Termination "MITerryble won by checkmate"]

1. d4 Nf6 2. Bg5 d5 3. e3 c5 4. c3 a6 5. Nd2 Nc6 6. dxc5 e5 7. b4 a5 8. a3 h6 9. Bxf6 Qxf6 10. Ngf3 g5 11. e4 d4 12. cxd4 exd4 13. b5 Ne5 14. Rc1 Ng6 15. e5 Qd8 16. Ne4 Bf5 17. Nf6+ Ke7 18.
Bc4 d3 19. O-O Bg7 20. Qb3 Nf4 21. Nd5+ Nxd5 22. Bxd5 Bg6 23. Bxb7 Rb8 24. c6 Qb6 25. a4 Rhe8 26. Qa3+ Ke6 27. Qd6+ Kf5 28. Rc4 Bxe5 29. g4# 1-0

[Event "Late-Titled-Tuesday-Blitz-May-07-2024"]
[Site "Chess.com"]
[Date "2024.05.07"]
[Round "2"]
[White "rhwr"]
[Black "ImportedItalianMaple"]
[Result "0-1"]
[WhiteElo "2276"]
[BlackElo "2529"]
[TimeControl "180+1"]
[EndTime "14:16:14 PDT"]
[Termination "ImportedItalianMaple won by resignation"]

1. e4 g6 2. d4 Bg7 3. Nc3 d5 4. e5 f6 5. Nf3 Bg4 6. exf6 Nxf6 7.
Be2 O-O 8. O-O Nc6 9. h3 Bxf3 10. Bxf3 Qd7 11. Bf4 Ne4 12. Bxe4 dxe4 13. Be3 Qf5 14. d5 Rad8 15. Qe2 Nb4 16. Bc5 Nxd5 17. Nxd5 Rxd5 18.
Bxe7 Rf7 19. Ba3 Bd4 20. c3 Bb6 21. c4 Rd3 22. c5 Bxc5 23. Bxc5 Qxc5 24. Qxe4 Rd2 25.
Rac1 Qb6 26. Rc2 Rfxf2 27. Rxd2 Rf4+ 28. Kh2 Rxe4 0-1

[Event "Late-Titled-Tuesday-Blitz-May-07-2024"]
[Site "Chess.com"]
[Date "2024.05.07"]
[Round "2"]
[White "ATM622"]
[Black "NowInChess"]
[Result "1-0"]
[WhiteElo "2522"]
[BlackElo "2260"]
[TimeControl "180+1"]
[EndTime "14:16:18 PDT"]
[Termination "ATM622 won by resignation"]

1. d4 Nf6 2. c4 c5 3. d5 b5 4. cxb5 a6 5. e3 e6 6. Nc3 exd5 7. Nxd5 Bb7 8. Nxf6+ Qxf6 9. Nf3 d5 10. bxa6 Nxa6 11. Bb5+ Kd8 12. e4 d4 13. Bg5 Be7 14. Bxf6 Bxf6 15. O-O Nc7 16. Bc4 Ne6 17. e5 Be7 18.
Bxe6 fxe6 19. b4 Rf8 20. Ne1 Ke8 21. bxc5 Bxc5 22. Nd3 Ba7 23. Qb3 Bd5 24. Qb5+ Kf7 25. Rac1 Kg8 26. Rc7 Rfd8 27. a4 Rab8 28. Qa6 Bb6 29.
Rcc1 Rf8 30. a5 Bd8 31. Rc8 Rxc8 32. Qxc8 Bxa5 33. Qc5 Bc3 34. Rc1 h6 35. h3 Ra8 36.
Rxc3 dxc3 37. Qxc3 Ra1+ 38. Qxa1 1-0

[Event "Late-Titled-Tuesday-Blitz-May-07-2024"]
[Site "Chess.com"]
[Date "2024.05.07"]
[Round "2"]
[White "Emp3rador"]
[Black "Sacbutt"]
[Result "1-0"]
[WhiteElo "2625"]
[BlackElo "2306"]
[TimeControl "180+1"]
[EndTime "14:16:21 PDT"]
[Termination "Emp3rador won by resignation"]

1. e4 c5 2. Nf3 d6 3. Bb5+ Bd7 4. Bxd7+ Qxd7 5. c4 Nc6 6. d4 cxd4 7. Nxd4 g6 8.
Nc3 Bg7 9. Be3 Nf6 10. f3 O-O 11. O-O Rac8 12. b3 Rfd8 13. Qd2 a6 14. a4 Qc7 15. Rfd1 Qa5 16. Rab1 Nxd4 17. Bxd4 Qc7 18. Kh1 Nh5 19. Nd5 Qd7 20. Nb6 Qe6 21. Nxc8 Rxc8 22. Bxg7 Kxg7 23. Qd5 Qxd5 24. Rxd5 Nf4 25. Rd2 Kf8 26. g3 Ne6 27. Kg2 Ke8 28. Kf2 Nc5 29. Ke3 Rc7 30. a5 Nd7 31. Rc2 Ne5 32. f4 Nc6 33. b4 e5 34.
Rd2 Nd4 35. Rxd4 exd4+ 36. Kxd4 Kd8 37. Kd5 Kd7 38. c5 dxc5 39. bxc5 Kc8 40. Rb6 Rd7+ 41. Rd6 Re7 42. e5 h5 43. c6 bxc6+ 44. Kxc6 Rc7+ 45.
Kb6 Rc2 46. Rc6+ 1-0

[Event "Late-Titled-Tuesday-Blitz-May-07-2024"]
[Site "Chess.com"]
[Date "2024.05.07"]
[Round "2"]
[White "wanyaland"]
[Black "Tibmat"]
[Result "0-1"]
[WhiteElo "2412"]
[BlackElo "2680"]
[TimeControl "180+1"]
[EndTime "14:16:24 PDT"]
[Termination "Tibmat won by resignation"]

1. d4 Nf6 2. c4 e6 3. g3 Bb4+ 4. Nd2 c5 5. a3 Bxd2+ 6. Qxd2 cxd4 7. Nf3 b6 8. Bg2 Bb7 9. O-O O-O 10. Qxd4 Nc6 11. Qh4 Na5 12. Bg5 h6 13. Bxf6 Qxf6 14. Qxf6 gxf6 15. Rac1 Rac8 16. Rfd1 Rfd8 17. Nd2 Bxg2 18.
Kxg2 Kf8 19. b4 Nc6 20. Ne4 Ke7 21. Nd6 Rb8 22. f4 Rg8 23. Kf3 Nd8 24. e4 Nb7 25. Nb5 a6 26. Nc7 a5 27. Nb5 Rgc8 28. Ke3 axb4 29.
axb4 Ra8 30. Rd2 Ra4 31. Rb2 d5 32. exd5 exd5 33. Kd4 dxc4 34. Rxc4 Rd8+ 35. Ke3 Rd7 36. Kf3 h5 37. Re2+ Kf8 38. Kg2 Kg7 39. Kh3 Na5 40. Rce4 Nc6 41. Rb2 f5 42. Rc4 Ne7 43. Kh4 Kg6 44. Nd4 Nd5 45. Nc6 f6 46. Re4 fxe4 0-1

[Event "Late-Titled-Tuesday-Blitz-May-07-2024"]
[Site "Chess.com"]
[Date "2024.05.07"]
[Round "2"]
[White "MaiqMaster"]
[Black "Alina_Gumerovna"]
[Result "1-0"]
[WhiteElo "2493"]
[BlackElo "2177"]
[TimeControl "180+1"]
[EndTime "14:16:25 PDT"]
[Termination "MaiqMaster won on time"]

1. e4 e5 2. Nf3 Nf6 3. Nxe5 d6 4. Nf3 Nxe4 5. d4 d5 6. Bd3 Bd6 7. O-O O-O 8. c4 c6 9. Nc3 Nxc3 10. bxc3 Bg4 11. h3 Bh5 12. Rb1 dxc4 13. Bxc4 Nd7 14. a4 b6 15. Bd3 f5 16. Re1 c5 17.
Qb3+ Kh8 18. Bg5 Qc7 19. Nd2 h6 20. Be7 Bxe7 21. Rxe7 Qd6 22. Re6 Qc7 23. Bc4 Bf7 24.
Re7 Bxc4 25. Nxc4 Rae8 26. Rbe1 Rxe7 27. Rxe7 Qd8 28. Re6 cxd4 29. cxd4 Nf6 30. Ne5 Qxd4 31. Ng6+ 1-0

[Event "Late-Titled-Tuesday-Blitz-May-07-2024"]
[Site "Chess.com"]
[Date "2024.05.07"]
[Round "2"]
[White "Albertu"]
[Black "The_Machine04"]
[Result "0-1"]
[WhiteElo "2436"]
[BlackElo "2782"]
[TimeControl "180+1"]
[EndTime "14:16:27 PDT"]
[Termination "The_Machine04 won on time"]

1. e4 d6 2. d4 Nf6 3. Nc3 e5 4.
Nf3 Nbd7 5. Bc4 Be7 6. O-O c6 7. a4 h6 8. Re1 Qc7 9. Be3 Nf8 10. h3 g5 11. b4 Ng6 12. b5 g4 13. hxg4 Bxg4 14.
Be2 h5 15. Rb1 h4 16. Ng5 Bxe2 17. Qxe2 Nh5 18. bxc6 bxc6 19. dxe5 Nhf4 20. Qg4 dxe5 21.
Ne2 Rg8 22. Qf5 Bxg5 23. Qxg5 Ne7 24. Qh6 Nxg2 25. Bc5 Nxe1+ 26. Kf1 Nf3 27. Qf6 Nd2+ 28. Ke1 Nxb1 0-1

[Event "Late-Titled-Tuesday-Blitz-May-07-2024"]
[Site "Chess.com"]
[Date "2024.05.07"]
[Round "2"]
[White "Aryan_Tamadon"]
[Black "CombativeWombat"]
[Result "0-1"]
[WhiteElo "2537"]
[BlackElo "2356"]
[TimeControl "180+1"]
[EndTime "14:16:28 PDT"]
[Termination "CombativeWombat won by resignation"]

1. Nf3 Nf6 2. d3 d5 3. g3 Bg4 4. Bg2 Nbd7 5. O-O c6 6. c4 e6 7.
Nc3 Bd6 8. a3 O-O 9. Qc2 Re8 10.
b4 a5 11. c5 Bf8 12. Bb2 b6 13. d4 Bf5 14. Qb3 Ne4 15. Nh4 Nd2 16. Qd1 Nxf1 17.
Nxf5 exf5 18. Bxf1 b5 19. Bg2 g6 20. h4 h5 21. Nb1 axb4 22. axb4 Rxa1 23. Bxa1 Qa8 24.
Bb2 Qa2 25. Qc1 Rxe2 26. Nc3 Qxb2 27. Nxe2 Qxe2 28. Qf4 Nf6 29. Bf3 Qe1+ 30. Kg2 Ne4 31. Bxe4 Qxe4+ 32. f3 Qxf4 33. gxf4 Bg7 34. Kg3 Bxd4 35.
Kh3 Bc3 36. Kg2 Bxb4 37. Kg3 Bxc5 0-1

[Event "Late-Titled-Tuesday-Blitz-May-07-2024"]
[Site "Chess.com"]
[Date "2024.05.07"]
[Round "2"]
[White "Mischuk_D"]
[Black "Nicolik"]
[Result "1-0"]
[WhiteElo "2814"]
[BlackElo "2495"]
[TimeControl "180+1"]
[EndTime "14:16:35 PDT"]
[Termination "Mischuk_D won by resignation"]

1. d4 d5 2. c4 c6 3. Nc3 Nf6 4.
e3 a6 5. Nf3 Bf5 6. a4 e6 7.
Qb3 Ra7 8. Be2 Nbd7 9. O-O Bd6 10. a5 Ne4 11. Rd1 h5 12. Bd2 g5 13. Nxe4 Bxe4 14. Bb4 Bc7 15. Nd2 Bg6 16. cxd5 exd5 17. Bd3 f5 18. Qc2 Qf6 19. Nf1 h4 20. Re1 Kf7 21. Bc3 Raa8 22. f3 h3 23. g3 Kg7 24. Re2 Rhf8 25. Rae1 g4 26. e4 gxf3 27. e5 Qe6 28. Rf2 f4 29. Rxf3 fxg3 30. Rxg3 Rfe8 31. Rxg6+ 1-0

[Event "Late-Titled-Tuesday-Blitz-May-07-2024"]
[Site "Chess.com"]
[Date "2024.05.07"]
[Round "2"]
[White "dealshark"]
[Black "Nechitaylo_Nikita"]
[Result "1-0"]
[WhiteElo "2555"]
[BlackElo "2345"]
[TimeControl "180+1"]
[EndTime "14:16:35 PDT"]
[Termination "dealshark won on time"]

1. e4 c5 2. c3 Nf6 3. e5 Nd5 4. d4 d6 5. Nf3 cxd4 6. cxd4 e6 7. Bc4 Bd7 8. O-O Bc6 9. Qe2 Be7 10. Nc3 Nxc3 11.
bxc3 O-O 12. Re1 Qc7 13. Bd3 h6 14. Bf4 Nd7 15. Rac1 dxe5 16. Nxe5 Bd6 17. Qg4 Nf6 18. Qh4 Nd5 19. Bxh6 gxh6 20. Qxh6 f5 21. Qxe6+ Kg7 22. Qg6+ Kh8 23. Bxf5 Bxe5 24. Rxe5 Rf6 25. Qh5+ Kg8 26.
Be6+ Kf8 27. Qh8+ Ke7 28. Bxd5+ 1-0

[Event "Late-Titled-Tuesday-Blitz-May-07-2024"]
[Site "Chess.com"]
[Date "2024.05.07"]
[Round "2"]
[White "Pingah9"]
[Black "prachiti01"]
[Result "0-1"]
[WhiteElo "2536"]
[BlackElo "2443"]
[TimeControl "180+1"]
[EndTime "14:16:35 PDT"]
[Termination "prachiti01 won by resignation"]

1. e4 e6 2. d3 d5 3. Nd2 c5 4. g3 Nc6 5. Bg2 Nf6 6. Ngf3 Be7 7. O-O O-O 8. Re1 b5 9. e5 Nd7 10. Nf1 Qc7 11. Bf4 a5 12. h4 Ba6 13. h5 b4 14.
N1h2 c4 15. d4 c3 16. b3 Nb6 17. Ng4 a4 18. Bf1 Bxf1 19. Rxf1 axb3 20. axb3 Rxa1 21. Qxa1 Ra8 22. Qd1 Ra2 23. Qd3 Nd7 24. Ng5 Bxg5 25. Bxg5 h6 26. Bf4 Ne7 27. Nf6+ gxf6 28. exf6 Qd8 29. fxe7 Qxe7 30. Bxh6 Qf6 31. Bf4 Qf5 32. Qb5 Nf6 33. Qxb4 Rxc2 34. Qb8+ Kh7 35. Qf8 Ng4 36. f3 Qxh5 0-1

[Event "Late-Titled-Tuesday-Blitz-May-07-2024"]
[Site "Chess.com"]
[Date "2024.05.07"]
[Round "2"]
[White "chenxiaoyuer"]
[Black "semchik90"]
[Result "1-0"]
[WhiteElo "2762"]
[BlackElo "2420"]
[TimeControl "180+1"]
[EndTime "14:16:36 PDT"]
[Termination "chenxiaoyuer won by resignation"]

1. e4 Nf6 2. e5 Nd5 3. c4 Nb6 4. d4 d6 5. exd6 cxd6 6. Nc3 g6 7. Be3 Bg7 8. Rc1 O-O 9. b3 Nc6 10. Be2 e5 11. Nf3 f5 12. d5 Ne7 13. O-O f4 14. Bxb6 Qxb6 15. Ng5 Bf5 16. Ne6 Bxe6 17. dxe6 Rac8 18. Nd5 Nxd5 19. Qxd5 Rfe8 20. Rfd1 Qc6 21. Bf3 Qxd5 22. Bxd5 Re7 23. b4 b6 24. c5 bxc5 25. bxc5 dxc5 26. Bc4 e4 27. Rd7 Kf8 28. Re1 Rxd7 29.
exd7 Rd8 30. Bb5 a6 31. Ba4 e3 32. fxe3 fxe3 33. Kf1 Bd4 34. Ke2 Ke7 35. Kd3 Rf8 36.
Rb1 Rf2 37. Rb8 Rd2+ 38. Ke4 Be5 39. Re8+ Kf6 40. Kxe3 Rd6 41. d8=Q+ Rxd8 42. Rxd8 1-0

[Event "Late-Titled-Tuesday-Blitz-May-07-2024"]
[Site "Chess.com"]
[Date "2024.05.07"]
[Round "2"]
[White "klimkoj"]
[Black "arenal72"]
[Result "1-0"]
[WhiteElo "2942"]
[BlackElo "2624"]
[TimeControl "180+1"]
[EndTime "14:16:38 PDT"]
[Termination "klimkoj won by resignation"]

1. e4 e6 2. d4 d5 3. Nc3 Nf6 4.
e5 Nfd7 5. f4 c5 6. Nf3 Nc6 7.
Be3 Be7 8. Qd2 O-O 9. a3 b6 10. Be2 a5 11. O-O f5 12. Nb5 Ba6 13. c4 Bxb5 14.
cxb5 Nxd4 15. Bxd4 cxd4 16. Kh1 a4 17. Nxd4 Nc5 18.
Rac1 Qd7 19. Qe3 Rfc8 20. Nc6 Nb3 21. Rcd1 Bc5 22. Qh3 Na5 23. g4 Nxc6 24. bxc6 Qxc6 25. gxf5 exf5 26. Qxf5 Rf8 27. Qg4 Rad8 28. f5 d4+ 29. Bf3 Qe8 30. f6 Qg6 31. Rg1 gxf6 32. Qe6+ 1-0

[Event "Late-Titled-Tuesday-Blitz-May-07-2024"]
[Site "Chess.com"]
[Date "2024.05.07"]
[Round "2"]
[White "GMRafpig"]
[Black "Godzillator"]
[Result "1-0"]
[WhiteElo "2736"]
[BlackElo "2346"]
[TimeControl "180+1"]
[EndTime "14:16:40 PDT"]
[Termination "GMRafpig won by resignation"]

1. c4 Nf6 2. Nc3 e6 3. e4 d5 4. e5 d4 5. exf6 dxc3 6. bxc3 Qxf6 7. Nf3 c5 8. d4 h6 9. Be2 cxd4 10. cxd4 Bb4+ 11.
Bd2 Bxd2+ 12. Qxd2 O-O 13. O-O b6 14. Rad1 Bb7 15. Ne5 Rd8 16. Qe3 Nd7 17. f4 Rac8 18. h3 Ba6 19. Kh2 Qe7 20. Qb3 Nxe5 21. fxe5 Rd7 22. Qa4 Bb7 23. Rf4 Rcd8 24. Rdf1 Qg5 25. Bg4 h5 26. h4 Qxh4+ 27. Bh3 Qg5 28. d5 Qxe5 29. dxe6 Rd4 30. exf7+ Kh8 31. Qe8+ Kh7 32. Qxe5 Rxf4 33. Qxf4 1-0

[Event "Late-Titled-Tuesday-Blitz-May-07-2024"]
[Site "Chess.com"]
[Date "2024.05.07"]
[Round "2"]
[White "Mikhal867"]
[Black "trriinu"]
[Result "1-0"]
[WhiteElo "2521"]
[BlackElo "2243"]
[TimeControl "180+1"]
[EndTime "14:16:40 PDT"]
[Termination "Mikhal867 won on time"]

1. c4 g6 2. d4 Bg7 3. e4 d6 4.
Nc3 Nd7 5. f3 c5 6. Nge2 Ngf6 7.
d5 O-O 8. Ng3 a6 9. Be2 Rb8 10. a4 Ne5 11. O-O h5 12. h3 Ned7 13. f4 h4 14. Nh1 b5 15. cxb5 axb5 16. Bxb5 Nh5 17. e5 dxe5 18. f5 Ndf6 19. fxg6 fxg6 20. Bg5 Bf5 21. Bxh4 e4 22. g4 Nxg4 23. hxg4 Bd4+ 24. Kg2 Bxg4 25. Qxg4 Kg7 26. Ng3 Nxg3 27. Bxg3 Rb6 28. d6 exd6 29. Nd5 1-0

[Event "Late-Titled-Tuesday-Blitz-May-07-2024"]
[Site "Chess.com"]
[Date "2024.05.07"]
[Round "2"]
[White "AlexeiShirov"]
[Black "HalfIsCrayfish"]
[Result "1-0"]
[WhiteElo "2869"]
[BlackElo "2586"]
[TimeControl "180+1"]
[EndTime "14:16:41 PDT"]
[Termination "AlexeiShirov won by resignation"]

1. e4 c5 2. Nf3 Nc6 3. d4 cxd4 4. Nxd4 Nf6 5. Nc3 e6 6. Nxc6 bxc6 7. e5 Nd5 8. Ne4 Bb7 9. Be2 Qc7 10. Nd6+ Bxd6 11. exd6 Qb6 12. c4 Nf6 13. O-O O-O 14.
Be3 Qa5 15. b4 Qf5 16. Bd3 Qg4 17. f3 Qh5 18. g4 Qe5 19. Qd2 Kh8 20. Bc5 Ne8 21. g5 g6 22. Bxg6 Qg7 23. Bc2 f6 24. f4 h6 25. h4 e5 26. Kh2 Ba6 27. fxe5 fxg5 28. Rxf8+ Qxf8 29. hxg5 hxg5 30. Qxg5 Ng7 31. Qh6+ Kg8 32. Qh7+ Kf7 33. Rf1+ 1-0

[Event "Late-Titled-Tuesday-Blitz-May-07-2024"]
[Site "Chess.com"]
[Date "2024.05.07"]
[Round "2"]
[White "emeli_chess"]
[Black "katharinareinecke"]
[Result "1-0"]
[WhiteElo "2446"]
[BlackElo "1920"]
[TimeControl "180+1"]
[EndTime "14:16:41 PDT"]
[Termination "emeli_chess won by resignation"]

1. d4 d5 2. c4 c6 3. Nc3 Nf6 4. e3 e6 5. Nf3 Be7 6. Bd3 dxc4 7. Bxc4 O-O 8. O-O b5 9. Bd3 a6 10. e4 Bb7 11. e5 Nd5 12. Ne4 Nd7 13. Bg5 h6 14.
Bxe7 Qxe7 15. Nd6 N7b6 16. Rc1 Nc8 17. Ne4 Ncb6 18. Bb1 f5 19. exf6 Nxf6 20. Nc5 Nbd5 21. Ne5 Ra7 22. Ng6 Qf7 23. Nxf8 Qxf8 24. Nxe6 Qd6 25.
Nc5 Nd7 26. Qd3 N5f6 27. Rfe1 Nxc5 28. dxc5 Qf4 29. Qe3 Qxe3 30. Rxe3 Bc8 31. Rd1 Bg4 32. f3 Bh5 33. Rd8+ Kf7 34. g4 Bg6 35. Bxg6+ Kxg6 36. Rd6 Rc7 37. Ree6 Kf7 38. Rxc6 Rxc6 39. Rxc6 Nd5 40. Rxa6 Nb4 41. Ra7+ 1-0

[Event "Late-Titled-Tuesday-Blitz-May-07-2024"]
[Site "Chess.com"]
[Date "2024.05.07"]
[Round "2"]
[White "ToddBryant"]
[Black "LikeWater"]
[Result "0-1"]
[WhiteElo "2385"]
[BlackElo "2676"]
[TimeControl "180+1"]
[EndTime "14:16:43 PDT"]
[Termination "LikeWater won by resignation"]

1. e4 e5 2. f4 d5 3. exd5 exf4 4. Nf3 Nf6 5. Nc3 c6 6. d4 Bd6 7. Bc4 O-O 8. dxc6 Nxc6 9. O-O Bg4 10. Ne2 Qc7 11. Bd3 Rfe8 12. c3 Ne7 13. Qb3 Ned5 14. c4 Ne3 15. Bxe3 Rxe3 16. c5 Bf8 17. Rae1 Rae8 18.
Ne5 Bxc5 19. Rxf4 R8xe5 20. Kh1 Re8 21. dxc5 Qxf4 22. Bxh7+ Nxh7 0-1

[Event "Late-Titled-Tuesday-Blitz-May-07-2024"]
[Site "Chess.com"]
[Date "2024.05.07"]
[Round "2"]
[White "ChadBiryani"]
[Black "AEMEffi"]
[Result "1-0"]
[WhiteElo "2547"]
[BlackElo "2320"]
[TimeControl "180+1"]
[EndTime "14:16:44 PDT"]
[Termination "ChadBiryani won by resignation"]

1. d4 Nf6 2. Nc3 g6 3. Bf4 d5 4. Qd2 a6 5. O-O-O b5 6. f3 Bb7 7. g4 Nbd7 8. h4 Nb6 9. e3 b4 10. Nb1 Rc8 11. Be5 Rg8 12. Qxb4 Nfd7 13. Bg3 c5 14.
Qa5 cxd4 15. exd4 e5 16. dxe5 Bc5 17. Nd2 Be3 18. Kb1 Qc7 19. c3 d4 20. Ne2 Bxf3 21. Nxf3 dxc3 22. Nxc3 Nc5 23. Rh2 Qb7 24. Ng5 Bxg5 25. hxg5 Ke7 26. Qxb6 1-0

[Event "Late-Titled-Tuesday-Blitz-May-07-2024"]
[Site "Chess.com"]
[Date "2024.05.07"]
[Round "2"]
[White "WindWhistler11"]
[Black "egnfanclub"]
[Result "1-0"]
[WhiteElo "2557"]
[BlackElo "2350"]
[TimeControl "180+1"]
[EndTime "14:16:45 PDT"]
[Termination "WindWhistler11 won by resignation"]

1. Nf3 Nf6 2. g3 b5 3. Bg2 Bb7 4. c3 c5 5. Na3 a6 6. Nc2 e6 7. O-O Be7 8. d3 O-O 9. e4 d6 10.
Qe2 Nc6 11. Rd1 h6 12. Bf4 d5 13. e5 Nd7 14. h4 Re8 15. Ne3 f6 16. Ng4 fxe5 17.
Nfxe5 Ncxe5 18. Nxe5 Nxe5 19. Bxe5 Bf6 20. Re1 Rc8 21. Bh3 d4 22. Kh2 Bd5 23. c4 bxc4 24.
dxc4 Bc6 25. Qg4 Bxe5 26. Rxe5 Qf6 27. f4 Bd7 28. Rae1 a5 29. Qh5 Qf7 30. Qe2 Qg6 31. Bg4 Rc6 32. Bh5 Qf6 33. Bxe8 Bxe8 34. Rxe6 Qf5 35. Rxe8+ Kh7 36. Qe4 1-0

[Event "Late-Titled-Tuesday-Blitz-May-07-2024"]
[Site "Chess.com"]
[Date "2024.05.07"]
[Round "2"]
[White "lluiss"]
[Black "Chessdreamer2020"]
[Result "0-1"]
[WhiteElo "2215"]
[BlackElo "2512"]
[TimeControl "180+1"]
[EndTime "14:16:45 PDT"]
[Termination "Chessdreamer2020 won by resignation"]

1. Nf3 c5 2. c4 Nc6 3. Nc3 e5 4. e3 f5 5. d4 e4 6. d5 Nb8 7.
Ng1 Nf6 8. h4 Bd6 9. g3 O-O 10. Nge2 Be5 11. Bd2 d6 12. Nf4 Na6 13.
Be2 Nc7 14. Kf1 a6 15. a4 b6 16. Kg2 Rb8 17. Rb1 a5 18. b3 Bd7 19. Nb5 Nxb5 20.
axb5 Ra8 21. Qc2 Qe7 22. Nh3 Kh8 23. Nf4 Rg8 24. h5 Rge8 25. Rbg1 Kg8 26. Bd1 Rf8 27. Rh4 Be8 28. Rgh1 Bf7 29. R4h2 Qd7 30. Rh4 Rfc8 31. R4h2 Ra7 32. Rh4 Qe8 33. R4h2 Rca8 34. Rh4 Qe7 35.
R4h2 h6 36. Rh4 Nh7 37. Ng6 Bxg6 38. hxg6 Nf8 39. Rh5 Qf6 40. g4 fxg4 41. Bxg4 Nxg6 42. Be6+ Kh8 43. Rf5 Nh4+ 44. Rxh4 Qxh4 45. Kf1 a4 0-1

[Event "Late-Titled-Tuesday-Blitz-May-07-2024"]
[Site "Chess.com"]
[Date "2024.05.07"]
[Round "2"]
[White "MuhittinBuker"]
[Black "kylelancman"]
[Result "0-1"]
[WhiteElo "2200"]
[BlackElo "2506"]
[TimeControl "180+1"]
[EndTime "14:16:45 PDT"]
[Termination "kylelancman won by resignation"]

1. d4 d5 2. c4 e6 3. Nc3 Nf6 4. Nf3 c5 5. cxd5 Nxd5 6. e4 Nxc3 7.
bxc3 cxd4 8. cxd4 Bb4+ 9. Bd2 Bxd2+ 10. Qxd2 O-O 11. Be2 Nd7 12. O-O b6 13. Rfd1 Bb7 14.
Qe3 Nf6 15. Bd3 h6 16. h3 Qe7 17. Rdc1 Rfc8 18. Ne5 Qa3 19. Nc4 Qe7 20. e5 Nd5 21. Qe4 g6 22. Nd6 Rxc1+ 23. Rxc1 Rb8 24. Qe1 Nf4 25. Bf1 Bxg2 26. Bxg2 Qg5 27. Qe4 Nxg2 28. Qxg2 Qxc1+ 29. Kh2 Qf4+ 30. Qg3 Qxg3+ 31. Kxg3 b5 32. Kf3 a5 33. Ke3 b4 34. Kd3 a4 35. Kc2 b3+ 36. axb3 Rxb3 37. h4 Rf3 0-1